 Dungeon Crawl Stone Soup version 0.30-a0-142-g7370640ec8 (webtiles) character file.

Game seed: 1152166388311355912

293 qw the Chopper (level 6, -2/38 HPs)
             Began as a Gargoyle Fighter on Sept 25, 2022.
             Killed by divine providence
             ... invoked by an orc priest
              (15 damage)
             ... on level 4 of the Dungeon.
             The game lasted 00:01:15 (3950 turns).

qw the Chopper (Gargoyle Fighter)                   Turns: 3950, Time: 00:01:16

Health: -2/38      AC: 14    Str: 21    XL:     6   Next: 33%
Magic:  0/6        EV:  7    Int:  9    God:
Gold:   196        SH:  4    Dex:  9    Spells: 5/5 levels left

rFire   . . .      SeeInvis .    Y - +0 war axe
rCold   . . .      Faith    .    c - +0 buckler
rNeg    + . .      Spirit   +    g - +0 chain mail
rPois   inf        Reflect  .    a - +0 helmet
rElec   +          Harm     .    (no cloak)
rCorr   .          Rampage  .    (no gloves)
Will    .....                    (no boots)
Stlth   ..........               f - amulet of guardian spirit
HPRegen 0.12/turn                (no ring)
MPRegen 0.10/turn                (no ring)

@: no status effects
A: sickness immunity, AC +4, negative energy resistance 1, electricity
resistance, torment resistance 1, petrification resistance
a: no special abilities


You were on level 4 of the Dungeon.
You visited 1 branch of the dungeon, and saw 4 of its levels.

You collected 196 gold pieces.


Innate Abilities, Weirdness & Mutations

You are immune to sickness and miasma.
Your stone body is resilient. (AC +4)
You are immune to poison.
You resist negative energy. (rN+)
You are resistant to electric shocks. (rElec)
You are resistant to unholy torment.
You are immune to petrification.


   Skills:
 - Level 4.0 Fighting
 + Level 5.5 Axes
 - Level 3.2 Armour
 - Level 3.2 Shields


You had 5 spell levels left.
You didn't know any spells.
Your spell library was empty.

Inventory:

Hand Weapons
 o - a +0 flail
 Y - a +0 war axe (weapon)
Missiles
 p - 2 boomerangs (quivered)
Armour
 a - a +0 helmet (worn)
 b - a +0 plate armour
 c - a +0 buckler (worn)
 g - a +0 chain mail (worn)
 q - a +1 hat
Jewellery
 e - a +6 ring of dexterity
 f - an amulet of guardian spirit (around neck)
Scrolls
 i - 2 scrolls of identify
 n - 2 scrolls of teleportation
Potions
 d - a potion of might
 h - a potion of flight {unknown}
 j - a potion of degeneration {unknown}
 k - a potion of resistance {unknown}
 l - 2 potions of attraction {unknown}
 m - a potion of invisibility {unknown}

Dungeon Overview and Level Annotations

Branches:
Dungeon (4/15)
 Temple: D:4-7

Altars:
Ashenzari
Cheibriados
Gozag
Uskayaw
Xom

Annotations:
D:2 1 runed translucent door, Crazy Yiuf


Message History

You start waiting.
A dart slug is nearby!
You slash the dart slug!
The dart slug is almost dead.
You block the dart slug's attack.
You hit the dart slug but do no damage.
The dart slug is almost dead.
You block the dart slug's attack.
You hit the dart slug.
You kill the dart slug!
You start waiting.
Done waiting.
You see here a dart slug corpse.
You open the door. 2 orc priests and 3 orcs come into view.
The orc priest shouts!
The orc shouts!
The orc priest shouts!
The orc shouts!
Found 69 gold pieces.
Found a roughly hewn altar of Beogh.
The orc hits you with a +0 mace. You block the orc's attack.
There is an open door here.
You hit the orc.
The orc is moderately wounded.
You hit the orc. The orc hits you but does no damage.
You hit the orc.
The orc is heavily wounded.
You closely miss the orc.
The orc priest invokes the aid of Beogh against you.
Beogh smites you! You block the orc's attack. The orc barely misses you.
You slash the orc!
You kill the orc!
You slash the orc!
You kill the orc!
You hit the orc priest but do no damage.
You block the orc priest's attack.
The orc priest calls down the wrath of Beogh upon you.
Beogh smites you!
You completely miss the orc priest. You completely miss the orc.
The orc priest invokes the aid of Beogh against you.
Beogh smites you!
You die...

#####...#####.#####.### #...# #.#
#.# ##### #...# #.# ##.# #
#...#####...## #.####..###
#.#.....%....# #..##......
##.######...######.%#....... #..#
#####$$.##..)....... #.##
###)8.8.#..........
#.########.@oo$$_#....#.####
###..........#o8.8$#..........
####...)##########$$$##..#.#..###
.....#.## #).#####...#.##.#
######.# #...###....#.##.# # #.#
#.####....##.##.## # #.#
###.####%.#.....#..## # #.#
###.......(.#.##......# #
#.####.......##....#####....


You could see 2 orc priests and an orc.

Vanquished Creatures
  A scorpion (D:4)
  2 hounds (D:4)
  An orc wizard (D:3)
  5 adders
  3 worms
  4 dart slugs
  12 orcs
  8 ball pythons
  10 endoplasms
  5 giant cockroaches
  5 goblins
  2 hobgoblins (D:2)
  3 quokkas
  4 bats
  4 frilled lizards
  6 kobolds
  4 rats
79 creatures vanquished.

Notes
Turn   | Place    | Note
-------+----------+-------------------------------------------
     0 | D:1      | qw the Gargoyle Fighter began the quest for the Orb.
     0 | D:1      | Reached XP level 1. HP: 14/14 MP: 1/1
     0 | D:1      | 0 ||| qw: Version: 0.2-a-10-g399e6c4
     0 | D:1      | 0 ||| qw: Game counter: 398
     0 | D:1      | 0 ||| qw: Always use a shield: true
     0 | D:1      | 0 ||| qw: God list: Okawaru
     0 | D:1      | 0 ||| qw: Allow faded altars: false
     0 | D:1      | 0 ||| qw: Do Orc after D:15 true
     0 | D:1      | 0 ||| qw: Do second Lair branch before Depths: true
     0 | D:1      | 0 ||| qw: Lair rune preference: random
     0 | D:1      | 0 ||| qw: Plans: Normal, Zot:1-4, God:TSO, Crypt, Tomb,
                  | Pan, Slime:5, Hells, Abyss, Orb
     0 | D:1      | 0 ||| PLANNING D:1-11
    23 | D:1      | Reached skill level 2 in Axes
   212 | D:1      | Reached XP level 2. HP: 19/19 MP: 2/2
   505 | D:1      | You fall into a shaft and drop 1 floor!
   612 | D:2      | 612 ||| UPGRADING to amulet of guardian spirit.
   617 | D:2      | 617 ||| READING scroll labelled DEECOBLISO.
   626 | D:2      | Reached skill level 3 in Axes
   680 | D:2      | 680 ||| READING 2 scrolls labelled QESA QYCEKOYRR.
   681 | D:2      | 681 ||| READING scroll labelled HAME WUIDOIN.
   682 | D:2      | Found a faded altar of an unknown god.
   709 | D:2      | Found a shimmering altar of Xom.
   756 | D:1      | Reached XP level 3. HP: 19/23 MP: 1/3
   935 | D:1      | 935 ||| UPGRADING to +0 helmet.
  1159 | D:2      | Found a runed translucent door.
  1160 | D:2      | Noticed Crazy Yiuf
  1511 | D:2      | 1511 ||| Stepping ~*~*~tactically~*~*~ (stealth).
  1562 | D:2      | Reached XP level 4. HP: 25/28 MP: 4/4
  1869 | D:2      | 1869 ||| UPGRADING to +0 chain mail.
  1879 | D:2      | 1879 ||| DROPPING +0 scale mail.
  1880 | D:2      | 1880 ||| READING scroll labelled LAFO XOTOCVITT.
  1904 | D:3      | 1904 ||| READING scroll of teleportation.
  1905 | D:3      | 1905 ||| STAIRDANCE
  1978 | D:3      | Reached skill level 4 in Axes
  2006 | D:3      | 2006 ||| DROPPING +0 club.
  2249 | D:3      | 2249 ||| Stepping ~*~*~tactically~*~*~ (stealth).
  2377 | D:3      | 2377 ||| DROPPING +0 whip.
  2454 | D:3      | Found a broken altar of Ashenzari.
  2564 | D:3      | Reached XP level 5. HP: 23/32 MP: 2/5
  2601 | D:3      | 2601 ||| FLEEEEING.
  2602 | D:3      | 2602 ||| FLEEEEING.
  2603 | D:3      | 2603 ||| FLEEEEING.
  2607 | D:3      | 2607 ||| FLEEEEING.
  2608 | D:3      | 2608 ||| FLEEEEING.
  2609 | D:3      | 2609 ||| STAIRDANCE
  2670 | D:2      | 2670 ||| READING scroll labelled ECULEIPPINNO.
  2671 | D:2      | 2671 ||| READING scroll labelled JULUPSE GEAL.
  2703 | D:3      | Found a hide-covered altar of Uskayaw.
  2705 | D:3      | Noticed a +0 hand axe
  2707 | D:3      | Noticed a +0 hand axe
  2974 | D:3      | 2974 ||| READING scroll labelled NIRAR DODE.
  3040 | D:4      | 3040 ||| STAIRDANCE
  3055 | D:4      | 3055 ||| Stepping ~*~*~tactically~*~*~ (hiding).
  3060 | D:4      | 3060 ||| Stepping ~*~*~tactically~*~*~ (hiding).
  3172 | D:4      | Found a snail-covered altar of Cheibriados.
  3304 | D:4      | Reached skill level 5 in Axes
  3431 | D:4      | Found an opulent altar of Gozag.
  3517 | D:4      | Reached XP level 6. HP: 31/38 MP: 4/6
  3577 | D:4      | 3577 ||| Stepping ~*~*~tactically~*~*~ (stealth).
  3641 | D:4      | 3641 ||| Stepping ~*~*~tactically~*~*~ (stealth).
  3642 | D:4      | 3642 ||| Stepping ~*~*~tactically~*~*~ (stealth).
  3814 | D:4      | 3814 ||| Stepping ~*~*~tactically~*~*~ (hiding).
  3950 | D:4      | Killed from afar by an orc priest

Levels and vault maps discovered:
D:1:      heliophobic_arrival_battle_scene, layout_loops_ring
D:2:      layout_loops_corners, chequers_ecumenical_altar_simple_redux,
          basic_altar, nicolae_figureground_sparkle, uniq_crazy_yiuf_cottage
D:3:      layout_loops_cross, lemuel_coloured_pillars_altar,
          dancing_weapons_uskayaw, minmay_misc_feat_diagonals,
          dk_noncrumbling_3, kennysheep_path_1
D:4:      layout_rooms, kennysheep_slug_shrine, lemuel_crystal_altar,
          kennysheep_orc_chapel

Skill      XL: |  1  2  3  4  5  6 |
---------------+-------------------+-----
Axes           | 2 3 4 5 |  5.5
Fighting       | 4 |  4.0
Armour         | |  3.2
Shields        | |  3.2

Action                   |  1- 3 |  4- 6 || total
-------------------------+-------+-------++-------
Melee: War axe           |    85 |   143 ||   228
Throw: Boomerang         |    27 |    27 ||    54
  Use: Scroll            |     3 |     5 ||     8
Armor: Scale mail        |    50 |    10 ||    60
       Chain mail        |       |    63 ||    63
Dodge: Dodged            |    36 |    45 ||    81
Block: Buckler           |    15 |    26 ||    41

Table legend:
 A = Non-vault XP
 B = Vault XP
 C = Vault XP percentage of total XP
 D = Non-vault monster count
 E = Vault monster count
 F = Vault count percentage of total count
                 A         B        C        D         E       F
            +---------+---------+-------+---------+---------+-------
      Total |     409 |      10 |   2.4 |      76 |       3 |   3.8
            +---------+---------+-------+---------+---------+-------
        D:1 |      24 |       0 |   0.0 |      17 |       0 |   0.0
        D:2 |      73 |       0 |   0.0 |      24 |       0 |   0.0
        D:3 |      94 |       0 |   0.0 |      20 |       0 |   0.0
        D:4 |     218 |      10 |   4.4 |      15 |       3 |  16.7
            +---------+---------+-------+---------+---------+-------
